 Dungeon Crawl Stone Soup version 0.29.0-15-g675c0067aa (webtiles) character file.

Game seed: 12827824596626944115

29 pacmanke6689 the Trooper (level 3, -2/29 HPs)
             Began as a Human Cinder Acolyte on Sept 11, 2022.
             Was a High Priest of Ignis.
             Succumbed to an adder's poison
             ... on level 2 of the Dungeon.
             The game lasted 00:04:07 (1394 turns).

pacmanke6689 the Trooper (Human Cinder Acolyte)     Turns: 1394, Time: 00:04:08

Health: -2/29      AC:  2    Str: 16    XL:     3   Next: 32%
Magic:  4/4        EV:  9    Int: 14    God:    Ignis [*****.]
Gold:   92         SH:  5    Dex:  8    Spells: 2/4 levels left

rFire   + . .      SeeInvis .   a - -1 falchion (flame)
rCold   . . .      Faith    .   d - +0 kite shield
rNeg    . . .      Spirit   .   b - +0 robe
rPois   .          Reflect  .   (no helmet)
rElec   .          Harm     .   (no cloak)
rCorr   .          Rampage  .   (no gloves)
Will    .....                   (no boots)
Stlth   +.........              (no amulet)
HPRegen 0.09/turn               (no ring)
MPRegen 0.09/turn               (no ring)

@: lethally poisoned (-2 -> -12)
A: no striking features
a: Renounce Religion, Fiery Armour, Foxfire Swarm, Rising Flame


You were on level 2 of the Dungeon.
You worshipped Ignis.
Ignis was extremely pleased with you.
You visited 1 branch of the dungeon, and saw 2 of its levels.

You collected 92 gold pieces.

Inventory:

Hand Weapons
 a - a -1 falchion of flaming (weapon)
Armour
 b - a +0 robe (worn)
 d - a +0 kite shield (worn)
Jewellery
 f - a ring of flight
Scrolls
 e - a scroll of identify
Potions
 c - 3 potions of attraction


   Skills:
 + Level 3.4 Fighting
 + Level 3.4 Long Blades
 + Level 0.4 Dodging
 + Level 1.0 Spellcasting
 + Level 3.2 Fire Magic


You had 2 spell levels left.
You knew the following spells:

 Your Spells              Type           Power      Damage    Failure   Level
a - Scorch                Fire           18%        2d6       36%         2

Your spell library contained the following spells:

 Spells                   Type           Power      Damage    Failure   Level


Dungeon Overview and Level Annotations

Branches:
Dungeon (2/15)

Altars:


Message History

The adder is severely wounded.
The adder bites you.
You are poisoned.
The adder poisons you! The adder bites you.
You barely miss the adder.
The adder is severely wounded.
You feel sick. You block the adder's attack.
The adder bites you but does no damage.
You closely miss the adder.
The adder is severely wounded.
You feel sick. The adder bites you. x2
You closely miss the adder.
The adder is severely wounded.
You feel sick.
You are no longer poisoned.
The adder bites you. The adder barely misses you.
You closely miss the adder.
The adder is severely wounded.
The adder bites you.
You are poisoned.
The adder poisons you!
The spell is quite dangerous to miscast (36% risk of failure)!
Continue anyway?
Okay, then.
Okay, then.
You barely miss the adder.
The adder is severely wounded.
You feel sick. You block the adder's attack. The adder bites you.
* * * LOW HITPOINT WARNING * * *
You are lethally poisoned!
The adder poisons you!
You barely miss the adder.
The adder is severely wounded.
* * * LOW HITPOINT WARNING * * *
You feel sick. You block the adder's attack. The adder bites you.
* * * LOW HITPOINT WARNING * * *
You are more poisoned.
The adder poisons you!
You hit the adder. You burn the adder.
The adder is almost dead.
You die... ###.####### ....JKS@<.# ###.#####.# .# .# .# .# .# .#

You could see an adder, an endoplasm and a kobold.

Vanquished Creatures
  A ball python (D:1)
  A bat (D:1)
  2 endoplasms (D:1)
  2 giant cockroaches (D:1)
  5 goblins
  3 hobgoblins (D:1)
  2 quokkas (D:1)
  A frilled lizard (D:1)
  3 kobolds (D:1)
  5 rats (D:1)
25 creatures vanquished.

Notes
Turn   | Place    | Note
-------+----------+-------------------------------------------
     0 | D:1      | pacmanke6689 the Human Cinder Acolyte began the quest for
                  | the Orb.
     0 | D:1      | Reached XP level 1. HP: 18/18 MP: 2/2
   355 | D:1      | Reached XP level 2. HP: 21/24 MP: 3/3
   368 | D:1      | Learned a level 2 spell: Scorch
   728 | D:1      | Reached XP level 3. HP: 14/29 MP: 1/4
  1131 | D:1      | You fall into a shaft and drop 1 floor!
  1393 | D:2      | HP: 1/29 [adder (4)]
  1394 | D:2      | Succumbed to an adder's poison

Illustrated notes

Levels and vault maps discovered:
D:1:      mrwooster_arrival_statue_2, layout_basic
D:2:      layout_loops_ring, minmay_pentomino_o4, uniq_sigmund

Action                   || total
-------------------------++-------
Melee: Falchion          ||    78
 Cast: Scorch            ||     8
  Use: Scroll            ||     3
Armor: Robe              ||    11
Dodge: Dodged            ||    48
Block: Kite shield       ||     5
